 Dungeon Crawl Stone Soup version 0.29-a0-6-ga859fcf985 (webtiles) character file.

Game seed: 10707993486520764325

171 Ijustatesigmund the Cudgeller (level 5, 0/34 HPs)
             Began as a Gargoyle Fighter on Jan 27, 2022.
             Slain by Crazy Yiuf (7 damage)
             ... on level 3 of the Dungeon.
             The game lasted 00:02:53 (3001 turns).

Ijustatesigmund the Cudgeller (Gargoyle Fighter)    Turns: 3001, Time: 00:02:54

Health: 0/34       AC: 10    Str: 21    XL:     5   Next: 51%
Magic:  5/5        EV:  9    Int:  9    God:
Gold:   123        SH:  4    Dex:  9    Spells: 4/4 levels left

rFire   . . .      SeeInvis .   a - +0 flail
rCold   . . .      Faith    .   c - +0 buckler
rNeg    + . .      Spirit   .   b - +0 scale mail
rPois   ∞          Reflect  .   (no helmet)
rElec   +          Harm     .   (no cloak)
rCorr   .          Rampage  .   (no gloves)
Will    .....                   (no boots)
Stlth   ..........              (no amulet)
HPRegen 0.11/turn               (no ring)
MPRegen 0.09/turn               (no ring)

@: mighty, flying
A: sickness immunity, AC +4, negative energy resistance 1, electricity
resistance, torment resistance 1, petrification resistance
a: no special abilities


You were on level 3 of the Dungeon.
You visited 1 branch of the dungeon, and saw 3 of its levels.

You collected 123 gold pieces.

Inventory:

Hand Weapons
 a - a +0 flail (weapon)
Armour
 b - a +0 scale mail (worn)
 c - a +0 buckler (worn)
Jewellery
 i - an amulet of regeneration
 j - an amulet of magic regeneration
Scrolls
 e - a scroll of fear
Potions
 d - a potion of might
 f - a potion of flight
 g - a potion of heal wounds {unknown}
 h - a potion of magic {unknown}


   Skills:
 + Level 4.6 Fighting
 * Level 4.7 Maces & Flails
 - Level 3.2 Armour
 - Level 3.2 Shields


You had 4 spell levels left.
You didn't know any spells.
Your spell library contained the following spells:

 Spells                   Type           Power      Damage    Failure   Level
 Corpse Rot               Necr/Air       0%         N/A       91%         2
 Poisonous Vapours        Pois/Air       0%         N/A       91%         2
 Static Discharge         Conj/Air       0%         N/A       91%         2
 Dazzling Flash           Conj/Hex       0%         N/A       99%         3
 Iskenderun's Mystic Bla  Conj/Tloc      0%         2d3       100%        4
 Fireball                 Conj/Fire      0%         3d3       100%        5
 Iskenderun's Battlesphe  Conj           0%         2d6       100%        5
 Lightning Bolt           Conj/Air       0%         1d11      100%        5
 Conjure Ball Lightning   Conj/Air       0%         3x3d6     100%        6
 Starburst                Conj/Fire      0%         6d3       100%        6
 Orb of Destruction       Conj           0%         9d5       100%        7
 Maxwell's Capacitive Co  Air            0%         ∞         100%        8


Dungeon Overview and Level Annotations

Branches:
Dungeon (3/15)

Altars:
Wu Jian
The Shining One

Annotations:
D:3 Crazy Yiuf


Innate Abilities, Weirdness & Mutations

You are immune to sickness and miasma.
Your stone body is resilient. (AC +4)
You are immune to poison.
You resist negative energy. (rN+)
You are resistant to electric shocks. (rElec)
You are resistant to unholy torment.
You are immune to petrification.


Message History

You see here an adder corpse.
You see here a +0 club.
Found a mace.
Found two maces.
Found a runed translucent door.
You see here a +0 mace.
Crazy Yiuf shouts!
You see here a +0 mace.
Found a runed mace.
You open the door. You barely miss Crazy Yiuf. You block Crazy Yiuf's attack.
You hit Crazy Yiuf but do no damage. Crazy Yiuf closely misses you.
Crazy Yiuf says, "Rifle sow pontify!"
Crazy Yiuf closely misses you.
You hit Crazy Yiuf.
Crazy Yiuf is lightly wounded.
Crazy Yiuf closely misses you.
You hit Crazy Yiuf but do no damage.
Crazy Yiuf is lightly wounded.
Crazy Yiuf laughs, "Fluff!
Gum meccalolo snockshim."
Crazy Yiuf hits you with a +3 quarterstaff of chaos!
Crazy Yiuf freezes you.
You hit Crazy Yiuf.
Crazy Yiuf is moderately wounded.
Crazy Yiuf closely misses you.
You hit Crazy Yiuf but do no damage.
Crazy Yiuf is moderately wounded.
Crazy Yiuf hits you with a +3 quarterstaff of chaos!
Crazy Yiuf hits you with a +3 quarterstaff of chaos.
* * * LOW HITPOINT WARNING * * *
Crazy Yiuf freezes you.
* * * LOW HITPOINT WARNING * * *
You feel very mighty all of a sudden. Crazy Yiuf barely misses you.
Unknown command.
It was a potion of flight.
You feel very buoyant.
You fly up into the air.
Crazy Yiuf says, "Aardvark forty-two koolooloo!"
Crazy Yiuf hits you with a +3 quarterstaff of chaos!
You die...

###### ######## ##.....
##....#)### ### ##......
##......#.)##)..# #.......
#......####@g...# #.......
#.....## ###..)# ###.......
#.##### ### #.#....... #.#
#.#.....). #.# #..#......
#.#################<........
#.##.................)......
#......#....................
########....(...............


You could see Crazy Yiuf.

Vanquished Creatures
  A centaur skeleton (D:3)
  4 gnolls
  4 adders
  A worm (D:3)
  A dart slug (D:3)
  2 endoplasms (D:3)
  5 giant cockroaches
  6 goblins
  6 hobgoblins
  4 jackals
  8 ball pythons
  7 bats
  2 frilled lizards
  8 kobolds
  5 rats
64 creatures vanquished.

Vanquished Creatures (others)
  4 plants (D:2)
4 creatures vanquished.

Grand Total: 68 creatures vanquished

Notes
Turn   | Place    | Note
-------+----------+-------------------------------------------
     0 | D:1      | Ijustatesigmund the Gargoyle Fighter began the quest for
                  | the Orb.
     0 | D:1      | Reached XP level 1. HP: 14/14 MP: 1/1
   159 | D:1      | Reached XP level 2. HP: 18/19 MP: 2/2
   661 | D:1      | Reached XP level 3. HP: 18/24 MP: 3/3
  1624 | D:3      | Reached XP level 4. HP: 29/29 MP: 4/4
  2050 | D:3      | Found a glowing golden altar of the Shining One.
  2051 | D:3      | Found an ornate altar of the Wu Jian Council.
  2119 | D:2      | Reached XP level 5. HP: 23/34 MP: 5/5
  2775 | D:3      | Found a faded altar of an unknown god.
  2989 | D:3      | Found a runed translucent door.
  2990 | D:3      | Noticed Crazy Yiuf
  3001 | D:3      | Slain by Crazy Yiuf

Illustrated notes

Levels and vault maps discovered:
D:1:      minmay_arrival_checkered_box, layout_basic, minmay_tromino_i4
D:2:      layout_basic, serial_bayou, serial_bayou_lagoon_a,
          serial_bayou_crossing, serial_bayou_ford_a, serial_bayou_pond_d,
          serial_bayou_pond_a
D:3:      layout_rooms, gammafunk_temple_overflow_pools,
          chequers_ecumenical_altar_lobes, uniq_crazy_yiuf_cottage

Skill      XL: |  1  2  3  4 |
---------------+-------------+-----
Maces & Flails | 3 4 |  4.7
Fighting       | 4 |  4.6
Armour         | |  3.2
Shields        | |  3.2

Action                   |  1- 3 |  4- 6 || total
-------------------------+-------+-------++-------
Melee: Flail             |   137 |    81 ||   218
  Use: Scroll            |       |     1 ||     1
       Potion            |       |     2 ||     2
Armor: Scale mail        |   113 |    33 ||   146
Dodge: Dodged            |   109 |    43 ||   152
Block: Buckler           |    36 |    12 ||    48

Table legend: (Time is in decaauts)
 A = Elapsed time spent in this place.
 B = Non-inter-level travel time spent in this place.
 C = Inter-level travel time spent in this place.
 D = Time resting spent in this place.
 E = Time spent auto-exploring this place.
 F = Levels seen in this place.
 G = Mean time per level.
                   A        B        C        D        E       F      G
               +--------+--------+--------+--------+--------+-----+--------+
         Total |   3094 |   3047 |     47 |    729 |   1832 |   3 | 1031.3 |
       Dungeon |   3094 |   3047 |     47 |    729 |   1832 |   3 | 1031.3 |
               +--------+--------+--------+--------+--------+-----+--------+

Top non-repeatable levels by time:
     D:2: 1240 daAuts
     D:3: 1010 daAuts
     D:1: 843 daAuts
